 Dungeon Crawl Stone Soup version 0.30-a0-800-g7c544603b3 (webtiles) character file.

Game seed: 4973765026167477271

3270 retardedninja the Blocker (level 10, -14/81 HPs)
             Began as a Gnoll Fighter on Feb 22, 2023.
             Was an Initiate of Gozag.
             Killed from afar by Erica (23 damage)
             ... with a bolt of poison
             ... on level 8 of the Dungeon.
             The game lasted 00:11:37 (12741 turns).

retardedninja the Blocker (Gnoll Fighter)          Turns: 12741, Time: 00:11:37

Health: -14/81     AC: 12    Str: 20      XL:     10   Next: 0%
Magic:  17/17      EV:  8    Int:  5 (7)  God:    Gozag
Gold:   463        SH: 10    Dex: 12      Spells: 19/19 levels left

rFire   . . .      SeeInvis .    d - +3 war axe
rCold   . . .      Faith    .    p - +0 kite shield
rNeg    . . .      Spirit   .    f - +0 chain mail
rPois   .          Reflect  .    (no helmet)
rElec   .          Harm     .    h - +0 cloak
rCorr   .          Rampage  .    (no gloves)
Will    .....                    (no boots) Stlth
                                 (no amulet)
HPRegen 0.33/turn                (no ring)
MPRegen 0.15/turn                (no ring)

@: lethally poisoned (-14 -> -42), slowed, very slow
A: fangs 1, strong nose, distributed training
a: Renounce Religion, Potion Petition, Call Merchant, Bribe Branch


You were on level 8 of the Dungeon.
You worshipped Gozag.
Gozag was aware of your devotion.
You visited 2 branches of the dungeon, and saw 9 of its levels.

You collected 679 gold pieces.
You paid 216 gold pieces to Gozag.

Inventory:

Hand Weapons
 d - a +3 war axe (weapon)
Missiles
 g - 3 throwing nets
 m - 10 boomerangs (quivered)
Armour
 f - a +0 chain mail (worn)
 h - a +0 cloak (worn)
 p - a +0 kite shield (worn)
Jewellery
 r - a ring of fire
 A - a ring of wizardry
Wands
 c - a wand of charming (15)
Scrolls
 a - a scroll of enchant weapon {unknown}
 e - a scroll of magic mapping
 i - a scroll of poison
 k - 2 scrolls of identify
 l - a scroll of fear {unknown}
 n - 2 scrolls of brand weapon {unknown}
 q - a scroll of butterflies {unknown}
 t - a scroll of blinking
 u - a scroll of silence {unknown}
 w - a scroll of immolation {unknown}
 y - a scroll of acquirement {unknown}
 z - a scroll of torment {unknown}
Potions
 b - 2 potions of degeneration
 o - 2 potions of mutation
 x - 3 potions of flight


   Skills:
 + Level 8.3 Fighting
 + Level 5.0 Short Blades
 + Level 5.0 Long Blades
 + Level 6.8 Axes
 + Level 5.0 Maces & Flails
 + Level 5.0 Polearms
 + Level 5.0 Staves
 + Level 5.0 Ranged Weapons
 + Level 5.0 Throwing
 + Level 8.3 Armour
 + Level 5.0 Dodging
 + Level 5.0 Stealth
 + Level 8.3 Shields
 + Level 5.0 Unarmed Combat
 + Level 5.0 Spellcasting
 + Level 4.1 Conjurations
 + Level 4.1 Hexes
 + Level 4.1 Summonings
 + Level 4.1 Necromancy
 + Level 4.1 Translocations
 + Level 4.1 Transmutations
 + Level 4.1 Fire Magic
 + Level 4.1 Ice Magic
 + Level 4.1 Air Magic
 + Level 4.1 Earth Magic
 + Level 4.1 Poison Magic
 + Level 5.4 Invocations
 + Level 5.0 Evocations


You had 19 spell levels left.
You didn't know any spells.
Your spell library contained the following spells:

 Spells                   Type           Power      Damage    Failure   Level
 Beastly Appendage        Tmut           10%        N/A       75%         1
 Wereblood                Tmut           5%         N/A       86%         2
 Inner Flame              Hex/Fire       5%         N/A       98%         3
 Spider Form              Tmut/Pois      5%         N/A       98%         3
 Flame Wave               Conj/Fire      5%         2d5       100%        4
 Sticky Flame             Conj/Fire      5%         2d3       100%        4
 Borgnjor's Vile Clutch   Necr/Erth      2%         N/A       100%        5
 Death Channel            Necr           2%         N/A       100%        6
 Malign Gateway           Summ/Tloc      2%         N/A       100%        7
 Summon Horrible Things   Summ           2%         N/A       100%        8
 Animate Dead             Necr           Unusable   N/A       N/A         4

Dungeon Overview and Level Annotations

Branches:
Dungeon (8/15)             Temple (1/1) D:4
   Lair: D:8-11

Altars:
Ashenzari
Cheibriados
Elyvilon
Fedhas
Gozag
Hepliaklqana
Kikubaaqudgha
Makhleb
Nemelex Xobeh
Okawaru
Qazlal
Ru
Sif Muna
Uskayaw
Wu Jian
Xom
Yredelemnul
Zin
The Shining One

Shops:
D:4 *   D:5 [

Annotations:
D:8 Erica


Innate Abilities, Weirdness & Mutations

You have very sharp teeth.
Your uncanny sense of smell can sniff out nearby items.
Your experience applies equally to all skills.


Message History

Level annotation: Erica
There is a stone staircase leading up, spattered with blood here.
Erica hits you with a +3 scimitar of flaming!
Erica burns you.
You hit Erica.
Erica is lightly wounded.
Erica says, "I'm so much better than you."
Erica hits you but does no damage.
You slash Erica!
Erica is moderately wounded.
Erica casts a spell at you.
You feel yourself slow down. Erica casts a spell at you.
You resist with significant effort.
You slash Erica! Your bite misses Erica.
Erica is heavily wounded.
Erica says, "I'm so much better than you."
Erica hits you with a +3 scimitar of flaming.
Erica burns you.
You slash Erica!
Erica is severely wounded.
Erica gestures at you while chanting. The bolt of poison hits you!!
You are poisoned.
Erica hits you with a +3 scimitar of flaming!
* * * LOW HITPOINT WARNING * * *
Erica burns you.
* * * LOW HITPOINT WARNING * * *
You closely miss Erica.
Erica is severely wounded.
* * * LOW HITPOINT WARNING * * *
You feel extremely sick.
Erica points at you and mumbles some strange words.
You feel as though you will be slow longer.
Erica screams, "You'll never get it!"
Erica casts a spell at you. The bolt of poison hits you!!
You are lethally poisoned!
You die...
Your body crumbles into a pile of gold.

.g.# ##...###∆
#<.g...#
#@.g...+
#!.....#
#......# ##
######'#####
#..#.<.##..# ∆
#...@@...#
#....)...#
#..$.$...+
##...##..#
#...# ..#
...... (...
........ ....
...............
.......... ....


You could see Erica.

Vanquished Creatures
  Maggie (D:8)
  A wyvern (D:7)
  A steam dragon (D:7)
  3 black bears
  An ogre (D:5)
  2 orc warriors (D:6)
  An ice beast (D:7)
  A phantom (D:5)
  3 centaurs
  A kobold brigand (D:7)
  A bullfrog (D:7)
  3 necrophages
  2 scorpions (D:5)
  6 wights
  3 killer bees (D:7)
  A howler monkey (D:5)
  3 jellies
  3 orc priests
  A gnoll bouda (D:7)
  6 orc wizards
  2 iguanas
  Natasha (thrice) (D:2)
  10 gnolls
  10 adders
  A shadow imp (D:5)
  A worm (D:2)
  4 dart slugs
  29 orcs
  8 ball pythons
  7 endoplasms
  4 giant cockroaches
  8 goblins
  8 hobgoblins
  8 jackals
  7 quokkas
  2 bats (D:1)
  2 frilled lizards
  9 kobolds
  6 rats
173 creatures vanquished.

Vanquished Creatures (others)
  2 orc wizards
  3 fungi (D:1)
  4 plants (D:1)
9 creatures vanquished.

Grand Total: 182 creatures vanquished

Notes
Turn   | Place    | Note
-------+----------+-------------------------------------------
     0 | D:1      | retardedninja the Gnoll Fighter began the quest for the
                  | Orb.
     0 | D:1      | Reached XP level 1. HP: 23/23 MP: 1/1
   229 | D:1      | Reached XP level 2. HP: 27/29 MP: 2/2
   684 | D:1      | Reached XP level 3. HP: 35/35 MP: 3/3
  1105 | D:1      | Found a faded altar of an unknown god.
  1143 | D:2      | Reached skill level 1 in Invocations
  1165 | D:2      | Reached skill level 1 in Short Blades
  1165 | D:2      | Reached skill level 1 in Long Blades
  1165 | D:2      | Reached skill level 1 in Maces & Flails
  1165 | D:2      | Reached skill level 1 in Polearms
  1165 | D:2      | Reached skill level 1 in Staves
  1165 | D:2      | Reached skill level 1 in Ranged Weapons
  1165 | D:2      | Reached skill level 1 in Throwing
  1165 | D:2      | Reached skill level 1 in Dodging
  1165 | D:2      | Reached skill level 1 in Stealth
  1165 | D:2      | Reached skill level 1 in Unarmed Combat
  1165 | D:2      | Reached skill level 1 in Spellcasting
  1165 | D:2      | Reached skill level 1 in Evocations
  1699 | D:2      | Reached XP level 4. HP: 41/41 MP: 5/5
  1709 | D:2      | Reached skill level 1 in Conjurations
  1709 | D:2      | Reached skill level 1 in Hexes
  1709 | D:2      | Reached skill level 1 in Summonings
  1709 | D:2      | Reached skill level 1 in Necromancy
  1709 | D:2      | Reached skill level 1 in Translocations
  1709 | D:2      | Reached skill level 1 in Transmutations
  1709 | D:2      | Reached skill level 1 in Fire Magic
  1709 | D:2      | Reached skill level 1 in Ice Magic
  1709 | D:2      | Reached skill level 1 in Air Magic
  1709 | D:2      | Reached skill level 1 in Earth Magic
  1709 | D:2      | Reached skill level 1 in Poison Magic
  1715 | D:2      | Reached XP level 5. HP: 41/47 MP: 5/7
  1845 | D:2      | Noticed Natasha
  1850 | D:2      | Killed Natasha
  1892 | D:2      | Noticed Natasha
  1897 | D:2      | Killed Natasha
  1927 | D:2      | Noticed Natasha
  1938 | D:2      | Killed Natasha
  1954 | D:2      | Reached XP level 6. HP: 48/53 MP: 8/8
  2256 | D:3      | Reached skill level 5 in Axes
  2633 | D:3      | Found a hide-covered altar of Uskayaw.
  3245 | D:4      | Found a staircase to the Ecumenical Temple.
  3269 | Temple   | Entered the Ecumenical Temple
  3669 | D:4      | Noticed a black bear
  3681 | D:4      | Killed a black bear
  3682 | D:4      | Reached XP level 7. HP: 38/60 MP: 10/10
  3952 | D:4      | Found Qent's Assorted Antiques.
  4190 | D:4      | Found a shimmering blue altar of Sif Muna.
  4252 | D:5      | Entered Level 5 of the Dungeon
  4310 | D:5      | Found a sacrificial altar of Ru.
  4690 | D:5      | Found Peopuiz's Armour Emporium.
  4820 | D:5      | Reached XP level 8. HP: 56/67 MP: 12/12
  5441 | D:4      | Found a snail-covered altar of Cheibriados.
  5441 | D:4      | Found an opulent altar of Gozag.
  5444 | D:4      | Found a glowing golden altar of the Shining One.
  5452 | D:4      | Became a worshipper of Gozag Ym Sagoz the Greedy
  7810 | D:6      | Identified the +5 dagger of Arbitration {heavy, *Rage rN+
                  | Str+3 Dex+5}
  7944 | D:6      | Reached XP level 9. HP: 35/73 MP: 13/15
  9657 | D:7      | Found a shimmering altar of Xom.
  9660 | D:7      | Found a basalt altar of Yredelemnul.
  9687 | D:7      | HP: 1/73 [ice beast (13)]
  9699 | D:7      | HP: 3/74 [something (2)]
 10223 | D:7      | Identified the +6 falchion of the Cursing Gods {elec, Fly
                  | Int+3}
 10230 | D:7      | Found a glowing silver altar of Zin.
 10238 | D:7      | Found a white marble altar of Elyvilon.
 10372 | D:7      | Reached skill level 5 in Invocations
 10928 | D:7      | Found a broken altar of Ashenzari.
 11267 | D:8      | Noticed Erica
 11267 | D:8      | Noticed Maggie
 12090 | D:8      | Killed Maggie
 12301 | D:7      | HP: 2/74 [killer bee (5)]
 12308 | D:7      | Reached skill level 5 in Short Blades
 12308 | D:7      | Reached skill level 5 in Long Blades
 12308 | D:7      | Reached skill level 5 in Maces & Flails
 12308 | D:7      | Reached skill level 5 in Polearms
 12308 | D:7      | Reached skill level 5 in Staves
 12308 | D:7      | Reached skill level 5 in Ranged Weapons
 12308 | D:7      | Reached skill level 5 in Throwing
 12308 | D:7      | Reached skill level 5 in Dodging
 12308 | D:7      | Reached skill level 5 in Stealth
 12308 | D:7      | Reached skill level 5 in Unarmed Combat
 12308 | D:7      | Reached skill level 5 in Spellcasting
 12308 | D:7      | Reached skill level 5 in Evocations
 12308 | D:7      | Reached XP level 10. HP: 19/81 MP: 17/17
 12741 | D:8      | Killed from afar by Erica

Illustrated notes

Levels and vault maps discovered:
D:1:      shiori_arrival_maze, layout_loops_corners,
          shapermc_ecumenical_altar_petra, minmay_parallelograms
D:2:      wad_pebble_path, layout_rooms, grunt_decor_resistance,
          serial_park_tiny_2, kennysheep_generic_room_4, uniq_natasha
D:3:      layout_basic, eat_drink_and_be_merry_uskayaw
D:4:      layout_loops_ring, tgw_sif, nicolae_overflow_hidden_temple,
          minmay_temple_entry_overgrown, serial_shops,
          nicolae_shop_overgrown_old_shop
D:5:      layout_basic, nicolae_ru_sacrificial_ziggurat, serial_shops,
          nicolae_shop_hallway_plus
D:6:      layout_rooms
D:7:      layout_cave_pods, xom_teletrap_fun, kennysheep_mini_moat,
          grunt_temple_overflow_open, chequers_serial_rivers_small_3,
          corexii_item_surrounded_by_moat
D:8:      layout_gridville, nicolae_dithmenos_the_darkroom,
          lemuel_crystal_altar, enter_bailey_2, gammafunk_ghost_stat_death,
          uniq_erica, uniq_maggie
Temple:   nicolae_temple_godpark

Skill      XL: |  1  2  3  4  5  6  7  8  9 |
---------------+----------------------------+-----
Invocations    | 1 2 3 4 5 |  5.4
Short Blades   | 1 2 3 4 5 |  5.0
Long Blades    | 1 2 3 4 5 |  5.0
Maces & Flails | 1 2 3 4 5 |  5.0
Polearms       | 1 2 3 4 5 |  5.0
Staves         | 1 2 3 4 5 |  5.0
Ranged Weapons | 1 2 3 4 5 |  5.0
Throwing       | 1 2 3 4 5 |  5.0
Dodging        | 1 2 3 4 5 |  5.0
Stealth        | 1 2 3 4 5 |  5.0
Unarmed Combat | 1 2 3 4 5 |  5.0
Spellcasting   | 1 2 3 4 5 |  5.0
Evocations     | 1 2 3 4 5 |  5.0
Conjurations   | 1 2 3 4 |  4.1
Hexes          | 1 2 3 4 |  4.1
Summonings     | 1 2 3 4 |  4.1
Necromancy     | 1 2 3 4 |  4.1
Translocations | 1 2 3 4 |  4.1
Transmutations | 1 2 3 4 |  4.1
Fire Magic     | 1 2 3 4 |  4.1
Ice Magic      | 1 2 3 4 |  4.1
Air Magic      | 1 2 3 4 |  4.1
Earth Magic    | 1 2 3 4 |  4.1
Poison Magic   | 1 2 3 4 |  4.1
Axes           | 5 6 |  6.8
Fighting       | 7 8 |  8.3
Armour         | 7 8 |  8.3
Shields        | 7 8 |  8.3

Action                     |  1- 3 |  4- 6 |  7- 9 | 10-12 || total
---------------------------+-------+-------+-------+-------++-------
  Melee: War axe           |   119 |   100 |   281 |     5 ||   505
         Bite              |    11 |     6 |    23 |       ||    40
  Throw: Boomerang         |       |    46 |    13 |       ||    59
         Throwing net      |       |     2 |       |       ||     2
 Invoke: Potion Petition   |       |       |     1 |       ||     1
    Use: Potion            |     1 |     1 |    16 |       ||    18
         Scroll            |       |     8 |       |       ||     8
 Armour: Scale mail        |    12 |       |       |       ||    12
         Chain mail        |    51 |    65 |   223 |     1 ||   340
         Skin              |       |       |     6 |       ||     6
  Dodge: Dodged            |    49 |    37 |   145 |       ||   231
  Block: Buckler           |    33 |    41 |    37 |       ||   111
         Kite shield       |       |       |   131 |       ||   131

Table legend: (Time is in decaauts)
 A = Elapsed time spent in this place.
 B = Non-inter-level travel time spent in this place.
 C = Inter-level travel time spent in this place.
 D = Time resting spent in this place.
 E = Time spent auto-exploring this place.
 F = Levels seen in this place.
 G = Mean time per level.
                   A        B        C        D        E       F      G
               +--------+--------+--------+--------+--------+-----+--------+
         Total |  12937 |  12593 |    344 |   6558 |   4346 |   9 | 1437.4 |
       Dungeon |  12787 |  12455 |    332 |   6558 |   4218 |   8 | 1598.4 |
        Temple |    149 |    137 |     12 |      0 |    127 |   1 |  149.0 |
               +--------+--------+--------+--------+--------+-----+--------+

Top non-repeatable levels by time:
     D:7: 3234 daAuts
     D:5: 3110 daAuts
     D:6: 1957 daAuts
     D:1: 1444 daAuts
     D:4: 1102 daAuts
     D:3: 856 daAuts
     D:2: 810 daAuts
     D:8: 272 daAuts
  Temple: 149 daAuts
